 Dungeon Crawl Stone Soup version 0.30-a0-743-gbfdf073431 (webtiles) character file.

Game seed: 15461412309969217129

1082 croobank the Covert (level 8, -3/56 HPs)
             Began as an Octopode Delver on Feb 8, 2023.
             Was an Initiate of Gozag.
             Slain by a bullfrog (5 damage)
             ... in a bailey.
             The game lasted 00:15:52 (5280 turns).

croobank the Covert (Octopode Delver)               Turns: 5280, Time: 00:15:53

Health: -3/56      AC:  1    Str: 12    XL:     8   Next: 30%
Magic:  8/8        EV: 20    Int: 14    God:    Gozag
Gold:   351        SH:  0    Dex: 13    Spells: 7/7 levels left

rFire   . . .      SeeInvis .    u - +7 short sword
rCold   . . .      Faith    .    (no shield)
rNeg    . . .      Spirit   .    (helmet restricted)
rPois   .          Reflect  .    (no amulet)
rElec   .          Harm     .    c - +5 ring of evasion
rCorr   .          Rampage  .    (no ring)
Will    .....                    (no ring)
Stlth   +++++                    (no ring)
HPRegen 0.29/turn                (no ring)
MPRegen 0.11/turn                (no ring)
                                 (no ring)
                                 (no ring)

@: gold aura
A: almost no armour, amphibious, 8 rings, camouflage 1, gelatinous body 1,
(nimble swimmer 1), tentacles
a: Renounce Religion, Potion Petition, Call Merchant, Bribe Branch


You were in a bailey.
You worshipped Gozag.
Gozag was aware of your devotion.
You visited 2 branches of the dungeon, and saw 9 of its levels.
You also visited: Bailey.

You collected 485 gold pieces.
You spent 41 gold pieces at shops.
You paid 93 gold pieces to Gozag.

Inventory:

Hand Weapons
 a - a +0 hand axe
 g - a +1 whip of venom
 l - a +0 short sword of holy wrath
 t - a +1 dagger of venom
 u - a +7 short sword (weapon)
Missiles
 h - 5 javelins (quivered)
 k - 4 boomerangs
 z - 3 atropa-tipped darts
Jewellery
 c - a +5 ring of evasion (left tentacle)
Wands
 f - a wand of digging (2)
 i - a wand of flame (20)
Scrolls
 b - a scroll of fog
Potions
 d - 3 potions of curing
 e - a potion of haste
 m - a potion of magic
 o - a potion of invisibility
 p - a potion of berserk rage {unknown}
 r - 2 potions of attraction {unknown}
 s - 2 potions of degeneration {unknown}
 x - 2 potions of flight {unknown}


   Skills:
 + Level 5.5 Fighting
 + Level 5.0 Axes
 + Level 5.1 Dodging
 + Level 9.4 Stealth


You had 7 spell levels left.
You didn't know any spells.
Your spell library was empty.

Dungeon Overview and Level Annotations

Branches:
Dungeon (8/15)             Temple (1/1) D:4            Lair (0/5) D:8
 Bailey (1/1)

Altars:
Ashenzari
Cheibriados
Dithmenos
Elyvilon
Fedhas
Gozag
Hepliaklqana
Kikubaaqudgha
Makhleb
Nemelex Xobeh
Okawaru
Qazlal
Ru
Sif Muna
Trog
Vehumet
Wu Jian
Xom
Yredelemnul
The Shining One

Shops:
D:1 *

Annotations:
D:4 2 runed translucent doors, Dittersdorf's ghost, novice GrFi


Innate Abilities, Weirdness & Mutations

You cannot wear most types of armour.
You are amphibious.
You can wear up to eight rings at the same time.
Your skin changes colour to match your surroundings (Stealth+).
Your rubbery body absorbs attacks. (AC +1, EV +1)
((You are camouflaged when in or above water. (Stealth+)))
You have tentacles for arms and can constrict up to eight enemies at once.


Message History

The bullfrog is lightly wounded.
You constrict the bullfrog. The bullfrog closely misses you. x2
The bullfrog barely misses you.
You barely miss the bullfrog. You grab the bullfrog.
The bullfrog is moderately wounded.
You constrict the bullfrog. x2; The bullfrog completely misses you.
The bullfrog misses you. x2
You release your grip on the bullfrog. x2
The bullfrog attacks as you move away! The bullfrog hits you. x2
You closely miss the bullfrog. You grab the bullfrog.
The bullfrog is moderately wounded.
You constrict the bullfrog. The bullfrog closely misses you. x2
The bullfrog struggles to escape constriction.
The bullfrog completely misses you.
You puncture the bullfrog!
The bullfrog is almost dead.
You constrict the bullfrog.
The bullfrog hits you but does no damage.
The bullfrog closely misses you.
The bullfrog releases a deep croak.
The bullfrog misses you. The bullfrog barely misses you.
The bullfrog escapes!
You hit the bullfrog. Your grab misses the bullfrog.
The bullfrog is almost dead.
The bullfrog releases a deep croak.
The bullfrog completely misses you. The bullfrog misses you.
The bullfrog completely misses you. The bullfrog hits you. x2
You closely miss the bullfrog. Your grab misses the bullfrog.
The bullfrog is almost dead.
The bullfrog barely misses you. The bullfrog hits you.
The bullfrog hits you but does no damage.
The bullfrog hits you! The bullfrog barely misses you. The bullfrog misses you.
You hit the bullfrog.
You kill the bullfrog!
The bullfrog hits you!
* * * LOW HITPOINT WARNING * * *
The bullfrog hits you!
* * * LOW HITPOINT WARNING * * *
The bullfrog hits you.
You die...
Your body crumbles into a pile of gold.

#.. #.. #..##
#...######
#####.......#
##...##......#
#..∩))'....#
#...FF######
#..∩@F'~~~#
##..$##~~~(#
##### ~~~~+
~(~# ~(## ##


You could see 3 bullfrogs.

Vanquished Creatures
  2 humans (Bailey)
  An orc warrior (Bailey)
  A phantom (D:4)
  A kobold brigand (D:6)
  A scorpion (D:5)
  A bullfrog (Bailey)
  A howler monkey (D:5)
  5 hounds
  An orc wizard (D:3)
  An iguana (D:7)
  12 adders
  2 shadow imps (D:5)
  2 white imps
  4 worms
  11 dart slugs
  10 orcs
  6 bats
  5 endoplasms (D:1)
  2 giant cockroaches (D:1)
  8 goblins
  9 hobgoblins
  2 jackals (D:1)
  2 quokkas
  10 ball pythons
  2 frilled lizards
  13 kobolds
  6 rats
121 creatures vanquished.

Notes
Turn   | Place    | Note
-------+----------+-------------------------------------------
     0 | D:5      | croobank the Octopode Delver began the quest for the Orb.
     0 | D:5      | Reached XP level 1. HP: 16/16 MP: 1/1
    30 | D:6      | Noticed an orc wizard
    46 | D:6      | Found a shimmering blue altar of Sif Muna.
    50 | D:6      | Noticed a hound
    56 | D:5      | Noticed an ice beast
    56 | D:5      | Noticed an ogre
    56 | D:5      | Noticed an iguana
    79 | D:4      | Reached XP level 2. HP: 21/21 MP: 2/2
   436 | D:4      | Reached skill level 7 in Stealth
   436 | D:4      | Reached XP level 3. HP: 18/26 MP: 3/3
   442 | D:4      | Reached XP level 4. HP: 12/31 MP: 4/4
   765 | D:2      | Identified the +1 ring mail of Defiance {Str+4 Stlth+}
  1332 | D:1      | Found Ofusoocs's Assorted Antiques.
  1343 | D:1      | Bought 2 white potions for 41 gold pieces
  1684 | D:2      | Reached XP level 5. HP: 37/37 MP: 5/5
  2476 | D:3      | Reached XP level 6. HP: 43/43 MP: 6/6
  3508 | D:4      | Found a staircase to the Ecumenical Temple.
  3517 | D:4      | Identified the +0 robe of the Grey Skies {rPois}
  3523 | Temple   | Entered the Ecumenical Temple
  3554 | Temple   | Became a worshipper of Gozag Ym Sagoz the Greedy
  3648 | D:4      | Found a large runed translucent door.
  3649 | D:4      | Found a large runed translucent door.
  3649 | D:4      | Noticed Dittersdorf's ghost (novice GrFi)
  3721 | D:4      | Reached skill level 8 in Stealth
  4243 | D:5      | Reached XP level 7. HP: 49/49 MP: 7/7
  4564 | D:6      | Reached skill level 5 in Fighting
  4872 | D:8      | Noticed a basilisk
  4872 | D:8      | Noticed an elephant
  4872 | D:8      | Found a staircase to the Lair.
  4873 | D:8      | Noticed a wyvern
  4915 | D:7      | Found a flagged portal.
  5079 | Bailey   | Entered a bailey
  5082 | Bailey   | Noticed a human
  5082 | Bailey   | Noticed a human
  5090 | Bailey   | Reached skill level 9 in Stealth
  5097 | Bailey   | Killed a human
  5098 | Bailey   | Reached XP level 8. HP: 27/56 MP: 8/8
  5104 | Bailey   | Reached skill level 5 in Axes
  5104 | Bailey   | Reached skill level 5 in Dodging
  5280 | Bailey   | HP: 2/56 [bullfrog (9)]
  5280 | Bailey   | Slain by a bullfrog

Illustrated notes

Levels and vault maps discovered:
D:1:      heliophobic_arrival_glass_houses, layout_loops_cross, serial_shops,
          nicolae_shop_waterfront, ebering_dispersal_statue_hall,
          amethyst_killhole
D:2:      layout_loops_ring
D:3:      kennysheep_slugbush, layout_basic
D:4:      layout_basic, minmay_temple_entry_tees, ebering_ghost_disaster_area
D:5:      layout_basic
D:6:      layout_rooms, mainiacjoe_overflow_boulevard,
          nicolae_overflow_hidden_temple, nicolae_shop_sticking_my_neck_out
D:7:      layout_rooms, serial_shops, shop, enter_bailey_4, uniq_maggie,
          uniq_duvessa, uniq_menkaure
D:8:      layout_gridville, david_lair_generic, minmay_lindwurm_lava
Temple:   hellmonk_temple_of_storms
Bailey:   bailey_axe_froggy_fort_hellmonk, bailey

Skill      XL: |  1  2  3  4  5  6  7  8 |
---------------+-------------------------+-----
Stealth        | 7 8 9 |  9.4
Dodging        | 3 4 5 |  5.1
Axes           | 3 4 5 |  5.0
Fighting       | 4 5 |  5.5

Action                     |  1- 3 |  4- 6 |  7- 9 || total
---------------------------+-------+-------+-------++-------
  Melee: Hand axe          |    23 |    57 |       ||    80
         Tentacles         |     6 |    27 |    20 ||    53
         Constrict         |     5 |    34 |    25 ||    64
         Short sword       |       |    65 |    79 ||   144
         Punch             |       |     3 |     5 ||     8
  Throw: Javelin           |       |       |    10 ||    10
  Evoke: Wand              |       |       |     3 ||     3
    Use: Scroll            |     1 |       |    13 ||    14
         Potion            |     1 |       |     1 ||     2
   Stab: Distracted        |     1 |       |     1 ||     2
         Sleeping          |     1 |    51 |       ||    52
 Armour: Skin              |     4 |     4 |     4 ||    12
  Dodge: Dodged            |    15 |    41 |    76 ||   132

Table legend: (Time is in decaauts)
 A = Elapsed time spent in this place.
 B = Non-inter-level travel time spent in this place.
 C = Inter-level travel time spent in this place.
 D = Time resting spent in this place.
 E = Time spent auto-exploring this place.
 F = Levels seen in this place.
 G = Mean time per level.
                   A        B        C        D        E       F      G
               +--------+--------+--------+--------+--------+-----+--------+
         Total |   5282 |   5040 |    242 |   1074 |   2779 |  10 |  528.2 |
       Dungeon |   5035 |   4799 |    236 |    930 |   2764 |   8 |  629.4 |
        Temple |     41 |     35 |      6 |      0 |     13 |   1 |   41.0 |
        Bailey |    205 |    205 |      0 |    144 |      2 |   1 |  205.0 |
               +--------+--------+--------+--------+--------+-----+--------+

Top non-repeatable levels by time:
     D:3: 1322 daAuts
     D:4: 1264 daAuts
     D:1: 783 daAuts
     D:2: 763 daAuts
     D:5: 351 daAuts
     D:6: 275 daAuts
     D:7: 272 daAuts
  Bailey: 205 daAuts
  Temple: 41 daAuts
     D:8: 1 daAuts
